[Event "Israel Championship 2021"]
[Site "Haifa"]
[Date "2021.03.14"]
[Round "8.14"]
[White "Shohat, Yotam"]
[Black "Ben Artzi, Ido"]
[Result "1/2-1/2"]
[ECO "D42"]
[WhiteElo "2371"]
[BlackElo "2368"]
[Annotator "NA"]
[PlyCount "93"]
[EventDate "2021.01.10"]
[EventType "swiss"]
[EventCountry "ISR"]
[SourceTitle "playchess.com"]
[Source "ChessBase"]
[SourceQuality "1"]
[TimeControl "40/5400+30:3600+30"]

1. e4 d5 2. exd5 Nf6 3. c4 c6 4. Nc3 cxd5 5. d4 e6 6. Nf3 Nc6 7. cxd5 Nxd5 8. Bd3 Be7 9. O-O O-O 10. Re1 Nxc3 11. bxc3 b6 12. h4 Bb7 13. Ng5 Bxg5 14. hxg5 Ne7 15. Qh5 g6 16. Qh2 Rc8 17. Bd2 Qc7 18. Qh3 Rfd8 19. Rac1 Qd6 20. Qg4 Nd5 21. Bf1 Qa3 22. c4 Qxa2 23. cxd5 Qxd2 24. Rcd1 Qa2 25. dxe6 fxe6 26. Ra1 Qd5 27. Re5 Qd7 28. Rxa7 Rc1 {[%emt 0:00:47] [#]} 29. d5 $1 ({Inferior is} 29. Qxe6+ Qxe6 30. Rxe6 Bd5 $17) 29... exd5 {[%emt 0:01:00] [#]} 30. Qe2 $11 (30. Qb4 $1 $16 Rc7 31. Qxb6) 30... Rdc8 31. Kh2 Qc7 32. f4 Rf8 33. Re7 Qxf4+ 34. g3 Qf2+ 35. Qxf2 Rxf2+ 36. Bg2 Rcc2 37. Rexb7 Rxg2+ 38. Kh3 Rh2+ 39. Kg4 Rc4+ 40. Kf3 Rc3+ 41. Kg4 Rc8 42. Rxb6 Rd8 43. Rbb7 Rh1 44. Kf3 d4 45. Kg2 Rh5 46. g4 Rxg5 47. Rg7+ 1/2-1/2

[Event "Israel Championship 2021"]
[Site "Haifa"]
[Date "2021.03.14"]
[Round "8.15"]
[White "Katz, Kiril"]
[Black "Gruenfeld, Yehuda"]
[Result "1/2-1/2"]
[ECO "B90"]
[WhiteElo "1957"]
[BlackElo "2412"]
[Annotator "NA"]
[PlyCount "141"]
[EventDate "2021.01.10"]
[EventType "swiss"]
[EventCountry "ISR"]
[SourceTitle "playchess.com"]
[Source "ChessBase"]
[SourceQuality "1"]
[TimeControl "40/5400+30:3600+30"]

1. e4 c5 2. Nf3 d6 3. d4 cxd4 4. Nxd4 Nf6 5. Nc3 a6 6. f3 Qb6 7. Nb3 e6 8. Qe2 Qc7 9. Be3 b5 10. g4 h6 (10... b4 $11 11. Na4 Nbd7) 11. O-O-O Nbd7 12. Qf2 (12. a3 $14) 12... b4 13. Ne2 d5 14. exd5 Nxd5 15. Rxd5 exd5 16. Bf4 (16. Nf4 $142) 16... Bd6 17. Qd4 (17. Qe3+ $17 Be5 18. Bxe5 Qxe5 19. Qxe5+ Nxe5 20. Nf4) 17... O-O 18. Qxb4 {[%emt 0:00:30] [#]} Bxb4 (18... Qxc2+ $3 $19 19. Kxc2 Bxb4) 19. Bxc7 Re8 20. c3 Bf8 21. Nf4 {[%emt 0:01:30] [#]} (21. Ned4 $142) 21... Ra7 $1 22. Ba5 {[%emt 0:00:30] [#]} Nf6 (22... Ne5 $1 $17 23. Nxd5 Nxf3) 23. Bb6 Rae7 24. Bf2 Rc7 25. h4 Bd6 26. Nd3 Nd7 27. Nd4 Nc5 28. Nxc5 Bxc5 29. a3 Rce7 30. Kd2 Bd6 (30... Bxd4 $5 31. Bxd4 Re1 $15) 31. Nc6 Bf4+ 32. Kd1 Re6 33. Nd4 Rb6 34. b4 Bd7 35. Bd3 a5 36. Bc2 axb4 37. Nb3 $2 (37. cxb4 {is a better defense.} Ra8 38. Ke2) 37... Ra6 38. axb4 Ra2 39. Re1 Rxe1+ $2 (39... Rc8 $19 {and Black stays clearly on top.} 40. Bd4 Ba4) 40. Bxe1 Bb5 41. Bd2 Bg3 42. h5 Bc4 43. Kc1 Bf2 $15 44. Na5 Be2 45. Kb1 Rxc2 46. Kxc2 Bxf3 47. g5 hxg5 48. Bxg5 Bxh5 49. Kd3 Bb6 50. Nc6 Kf8 51. Be7+ Ke8 52. Bc5 Bxc5 53. bxc5 Kd7 54. Ne5+ Ke6 55. Kd4 f6 56. Nd3 g5 57. c6 Kd6 58. c7 Kxc7 59. Kxd5 Bf7+ 60. Kd4 Kd6 61. c4 Be8 62. c5+ Ke6 63. Nb4 f5 64. c6 Kd6 65. c7 Bd7 66. Nd3 Bc8 67. Ne5 Kxc7 68. Nf7 g4 69. Ke3 g3 70. Kf3 f4 71. Ng5 1/2-1/2

[Event "Israel Championship 2021"]
[Site "Haifa"]
[Date "2021.03.14"]
[Round "8.16"]
[White "Parnes, Nadav"]
[Black "Stolyarsky, Yegor"]
[Result "1-0"]
[ECO "A24"]
[WhiteElo "2273"]
[BlackElo "2063"]
[Annotator "ChessBase"]
[PlyCount "69"]
[EventDate "2021.01.10"]
[EventType "swiss"]
[EventCountry "ISR"]
[SourceTitle "playchess.com"]
[Source "ChessBase"]
[SourceQuality "1"]
[TimeControl "40/5400+30:3600+30"]

1. g3 Nf6 2. Bg2 g6 3. Nf3 Bg7 4. O-O O-O 5. c4 d6 6. Nc3 c6 7. Rb1 a5 8. a3 e5 9. d3 Na6 10. b4 Nc7 11. b5 Ne6 12. bxc6 bxc6 13. Qc2 Qc7 14. Be3 d5 15. Bb6 Qd6 16. Na4 Nd7 17. Be3 f5 18. Ng5 f4 19. Nxe6 Qxe6 20. cxd5 cxd5 21. Qa2 Nf6 22. gxf4 e4 23. dxe4 dxe4 24. Qd2 Qg4 25. Nb6 Rb8 26. Nd5 Ba6 27. Rxb8 Rxb8 28. Nxf6+ Bxf6 29. Qd6 Bxe2 30. Qxb8+ Kg7 31. h3 Qd7 32. Rc1 Kh6 33. Qf8+ Bg7 34. Qc5 Bf6 35. Qc6 1-0